 Dungeon Crawl Stone Soup version 0.31-a0-640-g39d97e502b (webtiles) character file.

Game seed: 10317451117123485236

11773 rvierbuc the Cleaver (level 11, -21/88 HPs)
             Began as a Demonspawn Berserker on Aug 27, 2023.
             Was a High Priest of Trog.
             Demolished by a gargoyle
             ... wielding a +0 mace of holy wrath
              (38 damage)
             ... on level 12 of the Dungeon.
             The game lasted 00:36:33 (10237 turns).

rvierbuc the Cleaver (Demonspawn Berserker)        Turns: 10237, Time: 00:36:39

Health: -21/88     AC: 23    Str: 21    XL:     11   Next: 53%
Magic:  0/20       EV: 14    Int:  8    God:    Trog [*****.]
Gold:   710        SH:  4    Dex: 14    Spells: 10/10 levels left

rFire   . . .        G - +6 executioner's axe (chaos)
rCold   . . .        (shield currently unavailable)
rNeg    + . .        H - +7 leather armour of Leoss {rN+}
rPois   .            O - +2 hat
rElec   .            e - +2 cloak
rCorr   .            U - +0 pair of gloves
SInv    .            b - +0 pair of boots
Will    .....        q - amulet of guardian spirit
Stlth   ++           t - ring of magical power
HPRegen 0.34/turn    (no ring)
MPRegen 0.17/turn

%: guardian spirit
@: no status effects
A: rugged brown scales 1, foul stench 3, icemail 1, condensation shield, demonic
touch 2
a: Renounce Religion, Berserk, Trog's Hand, Brothers in Arms


You were on level 12 of the Dungeon.
You worshipped Trog.
Trog was extremely pleased with you.
You visited 1 branch of the dungeon, and saw 12 of its levels.

You collected 710 gold pieces.

Inventory:

Hand Weapons
 a - the +1 mace "Inuyqowi" {freeze, Will+}
   (You found it on level 10 of the Dungeon)

   Will+:     It increases your willpower.
 G - a +6 executioner's axe of chaos (weapon)
 N - a +0 broad axe
Missiles
 y - 39 poisoned darts (quivered)
 M - 2 throwing nets
 P - 6 javelins
 T - 5 darts of dispersal
 X - 2 curare-tipped darts
Armour
 b - a +0 pair of boots (worn)
 e - a +2 cloak (worn)
 p - a +0 scale mail of cold resistance
 H - the +7 leather armour of Leoss (worn) {rN+}
   (You found it on level 10 of the Dungeon)

   rN+:       It protects you from negative energy.
 J - a +0 chain mail
 O - a +2 hat (worn)
 Q - an orb of mayhem
 U - a +0 pair of gloves (worn)
 W - a +0 kite shield
Jewellery
 f - a +4 ring of protection
 q - an amulet of guardian spirit (around neck)
 t - a ring of magical power (left hand)
Wands
 k - a wand of quicksilver (16)
 D - a wand of flame (12)
 I - a wand of paralysis (17)
 R - a wand of polymorph (14)
 Y - a wand of roots (10)
Scrolls
 c - 2 scrolls of summoning {unknown}
 d - a scroll of vulnerability {unknown}
 j - a scroll of amnesia {unknown}
 l - 5 scrolls of teleportation {unknown}
 m - 3 scrolls of enchant weapon {unknown}
 o - 4 scrolls of blinking
 s - 3 scrolls of fear
 B - 2 scrolls of immolation
 F - 3 scrolls of enchant armour
 S - a scroll of poison
Potions
 g - a potion of lignification {unknown}
 h - 3 potions of curing {unknown}
 i - a potion of berserk rage {unknown}
 n - 2 potions of brilliance {unknown}
 r - a potion of haste {unknown}
 u - a potion of heal wounds {unknown}
 v - 3 potions of enlightenment {unknown}
 w - a potion of magic {unknown}
 x - a potion of degeneration {unknown}
 z - a potion of cancellation {unknown}
 A - 2 potions of attraction {unknown}
 C - a potion of ambrosia {unknown}
 E - a potion of resistance {unknown}
 K - a potion of invisibility {unknown}
 V - a potion of mutation
 Z - 2 potions of might


   Skills:
 + Level 8.2 Fighting
 + Level 12.1 Axes
 + Level 0.3 Throwing
 + Level 5.6 Armour
 + Level 5.7 Dodging
 + Level 3.2 Stealth
 + Level 5.4 Shields


You had 10 spell levels left.
You didn't know any spells.
Your spell library was empty.

Dungeon Overview and Level Annotations

Branches:
Dungeon (12/15)            Temple (0/1) D:7            Lair (0/5) D:9
    Orc (0/2) D:11

Altars:
Cheibriados
Gozag
Nemelex Xobeh
Sif Muna
Trog
Xom

Shops:
D:9 (   D:11 *

Annotations:
D:8 3 runed translucent doors, Mickster's ghost, novice HOBe


Innate Abilities, Weirdness & Mutations

You are partially covered in rugged brown scales. (AC +1, +3% HP)
You frequently emit foul miasma when damaged in melee.
A meltable icy envelope protects you from harm. (AC +4)
A meltable shield of frost defends you. (SH +4)
Your touch may inflict irresistible damage on your foes.


Message History

You slash the slime creature!
Space warps around the slime creature.
The slime creature closely misses you. The slime creature barely misses you.
You slice the slime creature!!
The slime creature is severely wounded.
You slice the slime creature!! You freeze the slime creature.
You block the slime creature's attack. The slime creature misses you.
You slice the slime creature!!
You kill the slime creature!
Trog accepts your kill.
You barely miss the slime creature. You hit the gargoyle.
The gargoyle seems to grow stronger.
The slime creature hits you but does no damage.
The gargoyle hurls a stone arrow at you.
The stone arrow hits you.
The slime creature hits you but does no damage.
You hit the gargoyle but do no damage.
Nothing appears to happen.
The gargoyle is lightly damaged.
You slash the slime creature!
The slime creature is poisoned.
The gargoyle hurls a stone arrow at you.
The stone arrow hits you. The slime creature hits you!
You block the gargoyle's attack.
You barely miss the gargoyle.
The gargoyle is lightly damaged.
You slice the slime creature!!
You feel better.
You kill the slime creature!
Trog accepts your kill.
The gargoyle hits you with a +0 mace of holy wrath.
You convulse.
You hit the gargoyle but do no damage.
The gargoyle is lightly damaged.
The gargoyle hurls a stone arrow at you.
The stone arrow hits you!
You slash the gargoyle!
Nothing appears to happen.
The gargoyle is heavily damaged.
The gargoyle hits you with a +0 mace of holy wrath!
You convulse.
The gargoyle hits you with a +0 mace of holy wrath!!
* * * LOW HITPOINT WARNING * * *
You convulse!!!
You die...

..## #... . ###... .#
#####....##.
##.......... #.
..........#....
......9.....# ###### #@#
#..... #.# #.>...
...####.### #.....
..........####### #.....
.###.#.##.......###.....
......#######..#......
####.......####........
..#.................
.##....#####..###.##.


You could see a gargoyle (strong).

Vanquished Creatures
  Pikel (D:5)
  A cyclops (D:11)
  Maurice (D:10)
  Jeremiah (D:7)
  4 kobold demonologists (D:11)
  An unseen horror (D:11)
  A komodo dragon (D:9)
  A hornet (D:11)
  A troll (D:6)
  Grinder (D:5)
  3 slime creatures (D:12)
  2 wyverns
  A wraith (D:11)
  A shadow (D:10)
  14 yaks
  A steam dragon (D:8)
  10 vampire mosquitoes
  Edmund (D:5)
  Duvessa (D:5)
  2 sky beasts
  5 orc warriors
  An ice beast (D:8)
  6 centaurs
  A lemure (D:5)
  5 kobold brigands
  4 scorpions
  3 wights (D:6)
  Dowan (D:5)
  9 killer bees
  2 howler monkeys
  5 hounds
  2 jellies
  5 orc priests
  2 sleepcaps
  11 orc wizards
  An iguana (D:5)
  Robin (D:3)
  5 gnolls
  8 adders
  3 white imps
  4 ufetubi
  A worm (D:6)
  39 orcs
  6 ball pythons
  8 endoplasms
  6 giant cockroaches
  15 goblins
  12 hobgoblins
  24 kobolds
  2 bats
  3 frilled lizards
  6 rats
255 creatures vanquished.

Notes
Turn   | Place    | Note
-------+----------+-------------------------------------------
     0 | D:1      | rvierbuc the Demonspawn Berserker began the quest for the
                  | Orb.
     0 | D:1      | Reached XP level 1. HP: 18/18 MP: 1/1
   233 | D:1      | Reached skill level 3 in Axes
   233 | D:1      | Gained mutation: Your touch may inflict minor irresistible
                  | damage on your foes. [demonic ancestry]
   233 | D:1      | Reached XP level 2. HP: 24/24 MP: 2/2
   449 | D:1      | Found a faded altar of an unknown god.
   644 | D:1      | Gained mutation: You are partially covered in rugged brown
                  | scales. (AC +1, +3% HP) [demonic ancestry]
   644 | D:1      | Reached XP level 3. HP: 3/29 MP: 3/3
  1073 | D:2      | You fall into a shaft and drop 1 floor!
  2158 | D:3      | Gained mutation: A meltable shield of frost defends you.
                  | (SH +4) [demonic ancestry]
  2158 | D:3      | Reached XP level 4. HP: 37/37 MP: 4/4
  2205 | D:3      | Reached ** piety under Trog
  2523 | D:3      | Noticed Robin
  2529 | D:3      | Reached skill level 1 in Stealth
  2533 | D:3      | Killed Robin
  2773 | D:4      | Noticed a sky beast
  2885 | D:4      | Killed a sky beast
  2886 | D:4      | Reached skill level 4 in Axes
  2886 | D:4      | Gained mutation: You may rarely emit foul miasma when
                  | damaged in melee. [demonic ancestry]
  2886 | D:4      | Reached XP level 5. HP: 25/43 MP: 5/5
  2979 | D:4      | Reached XP level 6. HP: 49/49 MP: 6/6
  3187 | D:4      | Reached *** piety under Trog
  3188 | D:4      | Reached skill level 5 in Axes
  3534 | D:5      | Entered Level 5 of the Dungeon
  3559 | D:5      | Found an opulent altar of Gozag.
  3588 | D:5      | Noticed Edmund
  3601 | D:5      | Killed Edmund
  3602 | D:5      | Gained mutation: You sometimes emit foul miasma when
                  | damaged in melee. [demonic ancestry]
  3602 | D:5      | Reached XP level 7. HP: 40/56 MP: 7/7
  3782 | D:5      | Noticed Pikel
  3793 | D:5      | Killed Pikel
  3794 | D:5      | Reached skill level 5 in Fighting
  3794 | D:5      | Reached skill level 6 in Axes
  3794 | D:5      | Reached skill level 1 in Shields
  3794 | D:5      | Gained mutation: You frequently emit foul miasma when
                  | damaged in melee. [demonic ancestry]
  3794 | D:5      | Reached XP level 8. HP: 63/63 MP: 8/8
  4239 | D:5      | Noticed Duvessa
  4239 | D:5      | Noticed Dowan
  4244 | D:5      | Killed Duvessa
  4244 | D:5      | Killed Dowan
  4329 | D:5      | Found a shimmering altar of Xom.
  4448 | D:5      | Noticed Grinder
  4453 | D:5      | Paralysed by Grinder for 4 turns
  4462 | D:5      | Paralysed by Grinder for 3 turns
  4466 | D:5      | Killed Grinder
  4467 | D:5      | Reached skill level 7 in Axes
  5196 | D:6      | Found a snail-covered altar of Cheibriados.
  5579 | D:6      | Gained mutation: Your touch may inflict irresistible damage
                  | on your foes. [demonic ancestry]
  5579 | D:6      | Reached XP level 9. HP: 58/68 MP: 9/9
  5721 | D:6      | Noticed a troll
  5745 | D:6      | Killed a troll
  5746 | D:6      | Reached skill level 8 in Axes
  6001 | D:7      | Noticed Jeremiah
  6008 | D:7      | Killed Jeremiah
  6234 | D:7      | Found a staircase to the Ecumenical Temple.
  6541 | D:7      | Found a shimmering blue altar of Sif Muna.
  6853 | D:8      | Reached **** piety under Trog
  6866 | D:8      | Reached skill level 9 in Axes
  6914 | D:8      | Found a sparkling altar of Nemelex Xobeh.
  6915 | D:8      | Found a bloodstained altar of Trog.
  7300 | D:8      | Found a runed translucent gate.
  7305 | D:8      | Found a runed translucent gate.
  7305 | D:8      | Noticed Mickster's ghost (novice HOBe)
  7306 | D:8      | Found a runed translucent gate.
  7306 | D:8      | Noticed a kobold demonologist
  7707 | D:9      | Gained mutation: A meltable icy envelope protects you from
                  | harm. (AC +4) [demonic ancestry]
  7707 | D:9      | Reached XP level 10. HP: 68/79 MP: 10/10
  7723 | D:9      | Reached skill level 10 in Axes
  8016 | D:9      | Found Urcho's Weapon Shoppe.
  8329 | D:9      | Found a staircase to the Lair.
  8491 | D:10     | Entered Level 10 of the Dungeon
  8705 | D:10     | Identified the +1 mace "Inuyqowi" {freeze, Will+}
  8749 | D:10     | Reached skill level 11 in Axes
  8749 | D:10     | Reached skill level 5 in Armour
  8987 | D:10     | Noticed Maurice
  8999 | D:10     | Paralysed by something for 5 turns
  9005 | D:10     | Reached ***** piety under Trog
  9007 | D:10     | Reached skill level 5 in Dodging
  9010 | D:10     | Killed Maurice
  9011 | D:10     | Reached XP level 11. HP: 58/88 MP: 11/11
  9065 | D:10     | Identified the +7 leather armour of Leoss {rN+}
  9404 | D:11     | Received a gift from Trog
  9449 | D:11     | Found Vaofipn's Neck Hole.
  9521 | D:11     | Reached skill level 5 in Shields
  9701 | D:11     | Found a staircase to the Orcish Mines.
 10089 | D:12     | Reached skill level 12 in Axes
 10237 | D:12     | Demolished by a gargoyle

Illustrated notes

Levels and vault maps discovered:
D:1:      amcnicky_arrival_feature_with_door, layout_loops_cross,
          shapermc_ecumenical_altar_ellora
D:2:      layout_basic, serial_curves, eino_curves_04, eino_curves_03
D:3:      layout_loops_corners, uniq_robin
D:4:      layout_rooms, kennysheep_nondescript
D:5:      layout_gridville, nicolae_gozag_seed_capital,
          mainiacjoe_overflow_24_doors, uniq_edmund, uniq_duvessa, uniq_pikel,
          uniq_grinder
D:6:      minmay_chambers_of_fours, layout_loops_cross,
          lemuel_coloured_pillars_altar, slow_altar_1, serial_shops, shop
D:7:      layout_basic, lemuel_blue_sif_altar, minmay_temple_entry_mini_moons,
          nicolae_elevator_lobby_plus, uniq_jeremiah
D:8:      layout_loops_ring, chequers_temple_overflow_statue_of_worship,
          gammafunk_ghost_nasty_kobolds
D:9:      layout_basic, david_lair_shrubbed, serial_shops, shop
D:10:     layout_cave_pools, hangedman_abyss_or_decor_jellyfish_corner,
          ebering_dispersal_statue_hall, uniq_maurice
D:11:     layout_long_grid, orc_0_dummy, nicolae_shop_sticking_my_neck_out
D:12:     layout_rooms

Skill      XL: |  1  2  3  4  5  6  7  8  9 10 11 |
---------------+----------------------------------+-----
Axes           | 3 4 5 6 7 9 11 12 | 12.1
Dodging        | 2 3 4 5 |  5.7
Armour         | 2 3 4 5 |  5.6
Stealth        | 1 2 3 |  3.2
Fighting       | 4 5 6 7 8 |  8.2
Shields        | 1 2 3 4 5 |  5.4
Throwing       | |  0.3

Action                     |  1- 3 |  4- 6 |  7- 9 | 10-12 || total
---------------------------+-------+-------+-------+-------++-------
  Melee: Hand axe          |    74 |   114 |    50 |       ||   238
         Touch             |     8 |    19 |     7 |       ||    34
         Punch             |     1 |     1 |     1 |       ||     3
         Battleaxe         |       |       |   198 |    29 ||   227
         Broad axe         |       |       |       |   162 ||   162
         Executioner's axe |       |       |       |    56 ||    56
  Throw: Dart              |       |       |     2 |       ||     2
 Invoke: Berserk           |       |     4 |     6 |     6 ||    16
    Use: Scroll            |       |       |       |    11 ||    11
   Stab: Sleeping          |     3 |     4 |       |       ||     7
         Distracted        |       |     1 |       |       ||     1
 Armour: Animal skin       |    19 |    27 |       |       ||    46
         Scale mail        |       |       |     1 |       ||     1
         Chain mail        |       |       |   140 |    88 ||   228
         Leather armour    |       |       |       |    77 ||    77
  Dodge: Dodged            |    36 |    45 |   114 |   127 ||   322
  Block: Other             |       |    14 |    41 |    14 ||    69
         Kite shield       |       |       |       |   123 ||   123

Table legend: (Time is in decaauts)
 A = Elapsed time spent in this place.
 B = Non-inter-level travel time spent in this place.
 C = Inter-level travel time spent in this place.
 D = Time resting spent in this place.
 E = Time spent auto-exploring this place.
 F = Levels seen in this place.
 G = Mean time per level.
                   A        B        C        D        E       F      G
               +--------+--------+--------+--------+--------+-----+--------+
         Total |  10521 |   9820 |    701 |    631 |   7262 |  12 |  876.8 |
       Dungeon |  10521 |   9820 |    701 |    631 |   7262 |  12 |  876.8 |
               +--------+--------+--------+--------+--------+-----+--------+

Top non-repeatable levels by time:
     D:5: 1506 daAuts
     D:3: 1197 daAuts
     D:2: 1006 daAuts
     D:8: 983 daAuts
    D:10: 890 daAuts
     D:9: 884 daAuts
     D:6: 849 daAuts
     D:1: 832 daAuts
     D:4: 755 daAuts
    D:11: 750 daAuts
     D:7: 696 daAuts
    D:12: 167 daAuts
